 Dungeon Crawl Stone Soup version 0.31-a0-1204-ge2c1a86 (webtiles) character file.

Game seed: 875711681178680988

2019182 Kearsarge the Intangible (level 27, 323/323 HPs)
             Began as a Merfolk Fighter on Dec 12, 2023.
             Was an Initiate of Gozag.
             Escaped with the Orb
             ... and 3 runes!
             The game lasted 01:20:34 (47778 turns).

Kearsarge the Intangible (Merfolk Fighter)         Turns: 47778, Time: 01:20:35

Health: 323/323    AC: 41    Str: 29    XL:     27
Magic:  23/23      EV: 31    Int: 10    God:    Gozag
Gold:   2408       SH: 20    Dex: 19    Spells: 26/26 levels left

rFire   + +          .
                       - Unarmed
rCold   + . .        c - +5 kite shield {rPois}
rNeg    + + +        (body armour currently unavailable)
rPois   ∞            s - +2 helmet
rElec   +            a - scarf {rC+ rF+}
rCorr   .            (gloves currently unavailable)
SInv    +            (boots currently unavailable)
Will    +++..        J - amulet of regeneration
Stlth   +            o - ring of Meiquot {rPois rF+ rN+ SInv}
HPRegen 1.53/turn    C - ring of willpower
MPRegen 0.18/turn

%: no passive effects
@: statue-form, studying 2 skills, very slow
A: slow and powerful, torment resistance 1, boosted hp, (nimble swimmer 2),
mertail, agile 1, clever 1, (shaggy fur 1)
0: Orb of Zot
}: 3/15 runes: barnacled, silver, gossamer
a: Begin Untransformation, Renounce Religion, Potion Petition, Call Merchant,
Bribe Branch


You escaped.
You worshipped Gozag.
Gozag was most pleased with you.
You were a living statue of rough stone.
You visited 10 branches of the dungeon, and saw 48 of its levels.
You visited 1 bazaar.
You also visited: Sewer and Desolation.

You collected 30317 gold pieces.
You spent 6222 gold pieces at shops.
You paid 21687 gold pieces to Gozag.

Inventory:

Missiles
 h - 23 curare-tipped darts
 W - 6 throwing nets
Armour
 a - a scarf of resistance (worn)
 c - a +5 kite shield of poison resistance (worn)
 s - a +2 helmet (worn)
Jewellery
 o - the ring of Meiquot (left fist) {rPois rF+ rN+ SInv}
   (You acquired it on level 1 of the Realm of Zot)

   [ring of positive energy]

   rF+:       It protects you from fire.
   rPois:     It protects you from poison rN+: It protects you from negative
   energy.
   SInv:      It lets you see invisible.
 y - the ring of Tender Moments {rC+ Slay+4}
   (You acquired it on level 3 of the Elven Halls)

   [ring of slaying]

   Slay+4:    It affects your accuracy & damage with ranged weapons and melee
   (+4).
   rC+:       It protects you from cold.
 C - a ring of willpower (right fist)
 J - an amulet of regeneration (around neck)
 K - the ring "Soedd" {Fly rF+ rC+ rN+ Dex-5}
   (You bought it in a shop on level 1 of the Vaults)

   [ring of flight]

   Dex-5:     It affects your dexterity (-5).
   rF+:       It protects you from fire.
   rC+:       It protects you from cold.
   rN+:       It protects you from negative energy.
   Fly:       It grants you flight.
 L - the ring of Vixtumeo {AC+4 SInv}
   (You took it off a deep elf archer on level 3 of the Elven Halls)

   [ring of protection]

   AC+4:      It affects your AC (+4).
   SInv:      It lets you see invisible.
Talismans
 p - the granite talisman of Okawaru's Inspiration (active) {rN++ Str+3}
   (You took it off Roxanne on level 3 of the Spider Nest)

   [granite talisman]

   Str+3:     It affects your strength (+3).
   rN++:      It greatly protects you from negative energy.
Wands
 q - a wand of digging (15)
 D - a wand of charming (56)
 M - a wand of acid (9)
 R - a wand of flame (82)
 V - a wand of mindburst (11)
 Z - a wand of polymorph (2)
Scrolls
 b - 4 scrolls of brand weapon
 g - 2 scrolls of enchant armour
 i - 3 scrolls of blinking
 n - 5 scrolls of enchant weapon
 v - 6 scrolls of fear
 w - 3 scrolls of fog
 B - 8 scrolls of noise
 F - a scroll of summoning
 G - 13 scrolls of teleportation
 I - 3 scrolls of immolation
 N - 4 scrolls of vulnerability
 P - 10 scrolls of poison
 Q - 3 scrolls of amnesia
 T - a scroll of silence
 U - 3 scrolls of torment
Potions
 d - 9 potions of cancellation
 e - 7 potions of magic
 f - 10 potions of enlightenment
 j - 3 potions of berserk rage
 k - 6 potions of attraction
 l - 17 potions of curing
 m - 5 potions of brilliance
 r - 8 potions of ambrosia
 t - 6 potions of mutation
 u - a potion of invisibility
 x - 3 potions of might
 z - 5 potions of haste
 A - 3 potions of lignification
 E - 7 potions of heal wounds
 Y - 3 potions of resistance
Miscellaneous
 O - a sack of spiders
 S - a condenser vane
 X - a lightning rod (4/4)


   Skills:
 O Level 27 Fighting
 - Level 5.1 Polearms
 - Level 2.1 Armour
 O Level 27 Dodging
 + Level 16.1 Shields
 O Level 27 Unarmed Combat
 - Level 25.0 Shapeshifting


You had 26 spell levels left.
You didn't know any spells.
Your spell library contained the following spells:

 Spells                   Type           Power      Damage    Failure   Level
 Apportation              Tloc           0%         N/A       45%         1
 Foxfire                  Conj/Fire      0%         2x1d4     45%         1
 Freeze                   Ice            0%         1d3       45%         1
 Necrotise                Necr           0%         1d4       45%         1
 Shock                    Conj/Air       0%         1d3       45%         1
 Sting                    Tmut/Pois      0%         1d3       45%         1
 Summon Small Mammal      Summ           0%         N/A       45%         1
 Blink                    Tloc           0%         N/A       58%         2
 Call Imp                 Summ           0%         N/A       58%         2
 Lesser Beckoning         Tloc           0%         N/A       58%         2
 Momentum Strike          Conj/Tloc      0%         3d8       58%         2
 Passwall                 Tmut/Erth      0%         N/A       58%         2
 Poisonous Vapours        Pois/Air       0%         N/A       58%         2
 Wereblood                Tmut           0%         N/A       58%         2
 Call Canine Familiar     Summ           0%         N/A       83%         3
 Dazzling Flash           Conj/Hex       0%         N/A       83%         3
 Frozen Ramparts          Ice            0%         1d1       83%         3
 Gell's Gravitas          Tloc           0%         N/A       83%         3
 Hailstorm                Conj/Ice       0%         3d5       83%         3
 Ignite Poison            Fire/Tmut/Pois 0%         N/A       83%         3
 Inner Flame              Hex/Fire       0%         N/A       83%         3
 Mephitic Cloud           Conj/Pois/Air  0%         N/A       83%         3
 Ozocubu's Armour         Ice            0%         N/A       83%         3
 Stone Arrow              Conj/Erth      0%         3d7       83%         3
 Summon Guardian Golem    Hex/Summ       0%         N/A       83%         3
 Swiftness                Air            0%         N/A       83%         3
 Teleport Other           Tloc           0%         N/A       83%         3
 Vampiric Draining        Necr           0%         2d6       83%         3
 Volatile Blastmotes      Fire/Tloc      0%         2d10      83%         3
 Airstrike                Air            0%         2d(0-16)  99%         4
 Anguish                  Hex/Necr       0%         N/A       99%         4
 Cause Fear               Hex            0%         N/A       99%         4
 Dispel Undead            Necr           0%         3d6       99%         4
 Flame Wave               Conj/Fire      0%         2d4       99%         4
 Leda's Liquefaction      Hex/Erth       0%         N/A       99%         4
 Petrify                  Tmut/Erth      0%         N/A       99%         4
 Sticky Flame             Conj/Fire      0%         2d3       99%         4
 Summon Ice Beast         Ice/Summ       0%         N/A       99%         4
 Summon Lightning Spire   Summ/Air       0%         N/A       99%         4
 Vhi's Electric Charge    Tloc/Air       0%         N/A       99%         4
 Agony                    Necr           0%         N/A       100%        5
 Alistair's Intoxication  Tmut/Pois      0%         N/A       100%        5
 Arcjolt                  Conj/Air       0%         1d10      100%        5
 Borgnjor's Vile Clutch   Necr/Erth      0%         N/A       100%        5
 Freezing Cloud           Conj/Ice/Air   0%         6-21      100%        5
 Irradiate                Conj/Tmut      0%         3d11      100%        5
 Metabolic Englaciation   Hex/Ice        0%         N/A       100%        5
 Silence                  Hex/Air        0%         N/A       100%        5
 Summon Mana Viper        Hex/Summ       0%         N/A       100%        5
 Yara's Violent Unravell  Hex/Tmut       0%         3d3       100%        5
 Dispersal                Tloc           0%         N/A       100%        6
 Eringya's Noxious Bog    Tmut/Pois      0%         4d6       100%        6
 Plasma Beam              Fire/Air       0%         2x1d10    100%        6
 Starburst                Conj/Fire      0%         6d3       100%        6
 Summon Cactus Giant      Summ           0%         N/A       100%        6
 Enfeeble                 Hex            0%         N/A       100%        7
 Haunt                    Necr/Summ      0%         N/A       100%        7
 Malign Gateway           Summ/Tloc      0%         N/A       100%        7
 Monstrous Menagerie      Summ           0%         N/A       100%        7
 Orb of Destruction       Conj           0%         9d5       100%        7
 Spellforged Servitor     Conj/Summ      0%         N/A       100%        7
 Summon Hydra             Summ           0%         N/A       100%        7
 Ignition                 Fire           0%         3d3       100%        8
 Infestation              Necr           0%         N/A       100%        8
 Maxwell's Capacitive Co  Air            0%         ∞         100%        8
 Summon Horrible Things   Summ           0%         N/A       100%        8
 Dragon's Call            Summ           0%         N/A       100%        9
 Sublimation of Blood     Necr           Unusable   N/A       N/A         2
 Animate Dead             Necr           Unusable   N/A       N/A         4
 Simulacrum               Ice/Necr       Unusable   N/A       N/A         6

Dungeon Overview and Level Annotations

Branches:
Dungeon (15/15)            Temple (1/1) D:7            Lair (5/5) D:10
 Shoals (4/4) Lair:3       Spider (4/4) Lair:2        Slime (0/5) Lair:4
    Orc (2/2) D:12            Elf (3/3) Orc:2        Vaults (5/5) D:13
  Crypt (0/3) Vaults:3     Depths (4/4) D:15            Zot (5/5) Depths:4
  Sewer (visited)         Desolation (visited)

Altars:
Ashenzari
Cheibriados
Dithmenos
Elyvilon
Fedhas
Gozag
Hepliaklqana
Kikubaaqudgha
Makhleb
Nemelex Xobeh
Okawaru
Qazlal
Ru
Sif Muna
Trog
Uskayaw
Vehumet
Wu Jian
Xom
Yredelemnul
Zin
The Shining One
Jiyva

Shops:
D:7 [*   D:10 !   D:12 =[   D:15 *   Orc:1 [   Orc:2 ?[?:   Lair:1 =?
Lair:3 ?   Lair:4 ?   Lair:5 ?   Shoals:1 *   Shoals:2 *!   Vaults:1 ==[
Vaults:4 (   Depths:1 *   Depths:4 *[

Portals:
Hell: Depths:1 Depths:3 Depths:4
Abyss: Depths:3
Pandemonium: Orc:2 Depths:2
Trove: Vaults:1 (give 2 scrolls of acquirement)

Annotations:
D:10 1 runed translucent door, roomforsquares's ghost, novice FeBe
Elf:2 2 runed translucent doors


Innate Abilities, Weirdness & Mutations

You are a living statue of rough stone.
Your actions are slow, but your melee attacks are powerful.
You are resistant to unholy torment.
Your maximum health is greatly increased.
Your equipment is partially melded.
You are immune to poison.
((You are very nimble when in or above water. (Stealth+, EV+, Speed+++)))
Your lower body shifts to a powerful aquatic tail in water.
You are agile. (Dex +4, Str/Int -1)
Your mind is acute. (Int +4, Str/Dex -1)
((You are covered in fur. (AC +1)))


Message History

No target in view!
No target in view!
An orange demon comes into view.
Things that are here:
8 gold pieces; a +0 dire flail; a +0 ring mail The orange demon completely misses you.
Okay, then.
You are no longer corroded.
You block the orange demon's attack. The orange demon closely misses you.
The orange demon barely misses you. You block the orange demon's attack.
You pummel the orange demon!!
The orange demon is moderately wounded.
The orange demon stings you. You block the orange demon's attack.
You barely miss the orange demon.
The orange demon is moderately wounded.
You pulverise the orange demon!!!!
You kill the orange demon!
No target in view!
No target in view!
No target in view!
A red devil comes into view. It is wielding a +0 trident.
The red devil completely misses you.
You squash the red devil like an ant!!!
You kill the red devil!
No target in view!
No target in view!
No target in view!
No target in view!
There is a stone staircase leading up here.
You climb upwards.
There is a stone staircase leading down here.
Aiming: Dig
Press: ? - help, Q - select action, (/) - cycle Shift-Dir - straight line You can't see that place. [the floor.]
The rock shatters into small pieces.
Blink to where?
Press: ? - help, Q - select action, (/) - cycle Dir - move target
As you read the scroll of blinking, it crumbles to dust.
You have escaped!

## ##.......## ##.###.# #.....#'
# ##.........## #..##.####.....#.
###...........####.##.#....####..
##......#......###..#.#....# ##.#
#......###......###.#.#....###..#
......## ##......##.#.#........##
.....## ##......#.#.#.......###
....## ##.......#.#.......#..
>..## ##..8.............#..
....## ##.......###.......##'
.....## ##......#.# #.......#..
......## ##......##.# #.......###
#......###......###.# #..........
##......#......###..# #...>...#..
###...........####.## ####.#..###
# ##.........## #..# ###.#..#8.
## ##.......## ##.## #......#8.


There were no monsters in sight!

Vanquished Creatures
  A dread lich (Vaults:5)
  Frederick (Depths:4)
  An orb of fire (Zot:4)
  3 ancient liches (Vaults:5)
  Mara (Vaults:4)
  Saint Roka (Vaults:4)
  A curse toe (Zot:5)
  Jory (Depths:3)
  Norris (Depths:1)
  the Enchantress (Depths:2)
  14 golden dragons
  2 bone dragons (Zot:3)
  A Brimstone Fiend (Depths:4)
  2 doom hounds (Zot:3)
  A Tzitzimitl (D:15)
  2 electric golems
  11 tentacled monstrosities
  A hellephant (Zot:5)
  An Ice Fiend (Zot:4)
  2 deep elf blademasters (Elf:3)
  Grunn (Zot:3)
  A walking crystal tome (Depths:3)
  2 deep elf master archers (Elf:3)
  5 Orb Guardians (Zot:5)
  7 titans (Vaults:5)
  2 liches
  2 sphinxes
  4 quicksilver dragons
  The ghost of Kave the Brawler, an adept TrSh of Sif Muna (Elf:3)
  6 death cobs
  A kraken (Shoals:2)
  3 Executioners
  9 shadow dragons
  7 storm dragons
  3 tengu reavers
  Ilsuiw (Shoals:4)
  Roxanne (Spider:3)
  9 fire giants
  11 emperor scorpions
  5 draconian monks
  8 deep elf sorcerers
  2 deep elf elementalists (Elf:3)
  2 iron dragons
  4 frost giants
  14 vault wardens
  2 draconian scorchers (Zot:3)
  A demonspawn warmonger (D:9)
  2 balrugs
  An imperial myrmidon (Desolation)
  7 draconian shifters
  8 ghost moths
  4 draconian knights
  4 draconian stormcallers
  3 spectral caustic shrikes (Depths:3)
  A cacodemon (Zot:5)
  2 reapers
  8 spriggan defenders
  An orc warlord (Vaults:4)
  2 war gargoyles (Vaults:5)
  5 draconian annihilators
  15 very ugly things
  16 ironbound preservers
  A demonspawn corrupter (D:2)
  10 ironbound thunderhulks
  7 black draconians
  20 stone giants
  A vampire knight (Depths:4)
  2 broodmothers
  2 putrid mouths (Zot:3)
  6 green draconians
  6 red draconians
  A lorocyproca (D:2)
  3 dire elephants
  7 purple draconians
  2 formless jellyfish
  5 deep elf demonologists (Elf:3)
  3 halazid warlocks (Desolation)
  A demonspawn black sun (D:2)
  14 deep elf annihilators
  9 spark wasps
  A green death (D:15)
  5 yellow draconians
  13 ettins
  5 white draconians
  8 merfolk javelineers
  A crystal guardian (Desolation)
  7 deep elf death magi
  A jiangshi (Vaults:3)
  13 fire dragons
  Josephine (Lair:5)
  3 ragged hierophants (Desolation)
  8 merfolk impalers
  A great orb of eyes (D:8)
  8 deep elf high priests
  7 ice dragons
  8 entropy weavers
  10 yaktaur captains
  3 rakshasas
  An ogre mage (D:15)
  8 servants of whispers (Desolation)
  5 spriggan air magi
  8 merfolk avatars
  7 hydras
  25 vault guards
  7 peacekeepers
  2 jorogumos
  2 demonspawn (Orc:2)
  9 two-headed ogres
  25 centaur warriors
  20 dancing weapons
  3 catoblepae (Lair:5)
  17 ironbound frosthearts
  12 boulder beetles
  11 deep troll shamans
  5 merfolk aquamancers
  2 alligator snapping turtles
  2 radroaches (Spider:1)
  2 death knights
  A deep troll earth mage (Depths:3)
  A demonic crawler (Spider:4)
  7 tengu warriors
  A two-headed ogre (shapeshifter) (Vaults:5)
  9 death yaks
  7 orc high priests
  2 vampire magi (Vaults:3)
  5 spriggan berserkers
  Sonja (Lair:2)
  17 hell knights
  An occultist (Depths:2)
  A shock serpent (shapeshifter) (Vaults:4)
  2 skeletal warriors (D:15)
  12 deep elf knights
  6 sun demons
  2 sixfirhies (Zot:5)
  A salamander mystic (Depths:2)
  7 iron trolls
  A skyshark (shapeshifter) (Vaults:5)
  49 deep trolls
  9 pharaoh ants
  5 skysharks
  2 sun moths
  16 sea snakes
  3 glowing orange brains
  An orb spider (shapeshifter) (Vaults:5)
  7 orb spiders
  2 phantasmal warriors
  4 necromancers
  17 lindwurms
  2 shadow demons
  A steelbarb worm (shapeshifter) (Vaults:2)
  A tengu zombie (Depths:1)
  7 steelbarb worms
  19 ironbound convokers
  14 deep elf archers
  17 deep elf pyromancers
  20 deep elf zephyrmancers
  8 arcanists
  Pikel (D:4)
  7 orc knights
  39 harpies
  11 orc sorcerers
  38 ugly things
  10 fauns
  7 cyclopes
  24 wolf spiders
  14 manticores
  3 salamanders (Depths:2)
  Maurice (Orc:1)
  A toenail golem (Zot:2)
  12 moths of wrath
  12 elephants
  A titan simulacrum (Depths:1)
  6 merfolk sirens
  6 black mambas
  3 guardian serpents (Desolation)
  4 kobold blastminers (Orc:2)
  18 vault sentinels
  A torpor snail (shapeshifter) (Vaults:5)
  8 water nymphs
  A rust devil (Orc:2)
  2 smoke demons
  2 orange demons
  2 naga magi (Depths:1)
  2 molten gargoyles
  6 torpor snails
  10 cane toads
  2 gargoyles
  18 yaktaurs
  2 large abominations (Zot:3)
  4 unseen horrors
  4 rime drakes
  An efreet (Zot:2)
  3 kobold demonologists
  2 tormentors
  7 freezing wraiths
  8 komodo dragons
  2 tengu conjurers
  27 merfolk
  A red devil (D:2)
  A polar bear (shapeshifter) (Elf:2)
  A queen bee (shapeshifter) (Elf:1)
  A tyrant leech (Lair:5)
  27 tarantellas
  2 human zombies (Vaults:4)
  A wind drake (shapeshifter) (Vaults:5)
  14 hornets
  7 trolls
  2 polar bears
  9 wind drakes
  A tengu simulacrum (Vaults:2)
  6 meliai
  10 snapping turtles
  A stone giant simulacrum (Vaults:2)
  49 saltlings (Desolation)
  17 dream sheep
  24 blink frogs
  2 glass eyes (Depths:1)
  A human simulacrum (Vaults:4)
  A spriggan zombie (Depths:1)
  7 air elementals
  An ettin zombie (Depths:1)
  8 spriggans
  40 jumping spiders
  2 shadows
  32 slime creatures
  18 culicivoras
  6 wraiths
  8 wyverns
  11 water elementals
  3 basilisks
  74 redbacks
  3 fire elementals
  49 yaks
  A hog (Depths:1)
  A steam dragon (D:10)
  2 neqoxecs
  6 vampire mosquitoes
  A swamp worm (shapeshifter) (Depths:3)
  2 wargs
  An acid dragon (D:9)
  13 water moccasins
  A glowing shapeshifter skeleton (Depths:1)
  An ice beast (Depths:1)
  An ogre skeleton (Vaults:2)
  22 orc warriors
  2 black bears
  3 sky beasts
  A deep troll simulacrum (Vaults:4)
  5 boggarts
  12 wolves
  7 ogres
  11 centaurs
  2 phantoms
  A lemure (D:4)
  An elf simulacrum (Vaults:4)
  4 kobold brigands
  11 bullfrogs
  4 earth elementals
  A scorpion (D:5)
  8 wights
  18 killer bees
  A vampire bat (Lair:4)
  12 howler monkeys
  3 electric eels
  2 quasits (D:7)
  31 orc priests
  A gnoll bouda (D:7)
  2 hounds
  A jelly (D:5)
  A sleepcap (D:6)
  An iguana (D:6)
  14 orc wizards
  7 hell rats (Lair:5)
  A mummy (D:4)
  7 gnolls
  6 river rats (Sewer)
  11 adders
  8 shadow imps
  2 white imps (D:7)
  9 ufetubi
  A worm (D:2)
  2 dart slugs
  62 orcs
  14 ball pythons
  11 endoplasms
  A giant cockroach (D:2)
  6 goblins
  2 hobgoblins
  3 quokkas (D:2)
  10 bats
  5 frilled lizards
  16 kobolds
  19 rats
  A tentacle (Shoals:2)
2094 creatures vanquished.

Vanquished Creatures (collateral kills)
  An electric golem (Zot:5)
  8 Orb Guardians (Zot:5)
  A storm dragon (Zot:5)
  A rockslime (Zot:5)
  A green draconian (Zot:5)
  A black draconian (Zot:5)
  A white draconian (Zot:5)
  An orb spider (Spider:4)
  A wolf spider (Spider:4)
  A moth of wrath (Zot:5)
  3 meliai (Spider:4)
  A culicivora (Spider:4)
  An orc (Orc:2)
22 creatures vanquished.

Vanquished Creatures (others)
  3 dread liches (Zot:5)
  An orb of fire (Zot:5)
  An ancient lich (Zot:5)
  2 golden dragons (Zot:5)
  3 tentacled monstrosities (Zot:5)
  A lich (Vaults:1)
  8 Orb Guardians (Zot:5)
  A storm dragon (Zot:5)
  A fire giant (Vaults:5)
  A draconian annihilator (Zot:5)
  A green draconian (Zot:5)
  A deep elf demonologist (Vaults:5)
  A black draconian (Zot:5)
  A vault guard (Vaults:5)
  A harpy (Shoals:4)
  A hellion (Zot:5)
  A saltling (Desolation)
  A dream sheep (Shoals:1)
  A redback (Spider:4)
  A water elemental (Elf:1)
  A vampire bat (Depths:1)
  A spectral weapon (Zot:5)
  3 tentacles (Shoals:2)
37 creatures vanquished.

Grand Total: 2153 creatures vanquished

Notes
Turn   | Place    | Note
-------+----------+-------------------------------------------
     0 | D:1      | Kearsarge the Merfolk Fighter began the quest for the Orb.
     0 | D:1      | Reached XP level 1. HP: 18/18 MP: 1/1
   342 | D:1      | Reached XP level 2. HP: 24/24 MP: 2/2
   772 | D:1      | Found a faded altar of an unknown god.
  1250 | D:2      | Reached XP level 3. HP: 30/30 MP: 3/3
  1439 | D:2      | Reached XP level 4. HP: 31/37 MP: 4/4
  1630 | D:3      | Reached skill level 5 in Polearms
  1968 | D:3      | Found a shimmering altar of Xom.
  1968 | D:3      | Found an iron altar of Okawaru.
  2285 | D:3      | Reached skill level 1 in Shapeshifting
  2313 | D:3      | Found a broken altar of Ashenzari.
  2683 | D:4      | Found a snail-covered altar of Cheibriados.
  2739 | D:4      | Reached XP level 5. HP: 42/42 MP: 5/5
  2829 | D:4      | Noticed a phantom
  2836 | D:4      | Killed a phantom
  3072 | D:4      | Reached XP level 6. HP: 48/48 MP: 6/6
  3188 | D:4      | Noticed Pikel
  3214 | D:4      | Killed Pikel
  3215 | D:4      | Reached XP level 7. HP: 23/54 MP: 7/7
  3406 | D:5      | Entered Level 5 of the Dungeon
  3485 | D:5      | Identified a scroll of acquirement
  3505 | D:5      | Acquired 1126 gold pieces
  3618 | D:5      | Reached XP level 8. HP: 57/60 MP: 8/8
  3764 | D:5      | Reached skill level 1 in Unarmed Combat
  3948 | D:6      | Found a sacrificial altar of Ru.
  4013 | D:6      | Found a shadowy altar of Dithmenos.
  4203 | D:6      | Reached skill level 10 in Shapeshifting
  4218 | D:6      | HP: 2/59 [wight/+0 long sword (6)]
  4382 | D:6      | Found a glowing drain.
  4393 | Sewer    | Entered a sewer
  4661 | Sewer    | Reached skill level 5 in Unarmed Combat
  5189 | D:6      | Reached XP level 9. HP: 65/65 MP: 9/9
  5520 | D:6      | Reached skill level 5 in Fighting
  6758 | D:7      | Found a staircase to the Ecumenical Temple.
  6767 | Temple   | Entered the Ecumenical Temple
  6775 | Temple   | Became a worshipper of Gozag Ym Sagoz the Greedy
  6880 | D:7      | Found Hiome's Island Escapes.
  6888 | D:7      | Bought a potion of invisibility for 104 gold pieces
  6888 | D:7      | Bought a scroll of blinking for 97 gold pieces
  6888 | D:7      | Bought a potion of invisibility for 104 gold pieces
  6888 | D:7      | Bought a scroll of fog for 52 gold pieces
  7056 | D:8      | Found a hazy altar of Hepliaklqana.
  7129 | D:8      | Found a glowing golden altar of the Shining One.
  7187 | D:8      | Killed an unseen horror
  7292 | D:8      | Reached XP level 10. HP: 75/80 MP: 10/10
  7978 | D:9      | Noticed a two-headed ogre
  7993 | D:9      | Killed a two-headed ogre
  7994 | D:9      | Reached skill level 10 in Unarmed Combat
  8211 | D:9      | Found a burning altar of Makhleb.
  8410 | D:9      | Noticed a rakshasa
  8432 | D:9      | Noticed a boulder beetle
  8440 | D:9      | Noticed a manticore
  8513 | D:9      | Noticed a kobold demonologist
  8523 | D:9      | Killed a kobold demonologist
  8643 | D:9      | Found a white marble altar of Elyvilon.
  8839 | D:9      | Killed a boulder beetle
  8840 | D:9      | Reached skill level 10 in Fighting
  9061 | D:9      | Reached XP level 11. HP: 92/92 MP: 11/11
  9131 | D:9      | Killed a rakshasa
  9145 | D:9      | Killed a manticore
  9511 | D:9      | Found a basalt altar of Yredelemnul.
  9646 | D:10     | Entered Level 10 of the Dungeon
 10203 | D:10     | Bought a potion of might for 52 gold pieces
 10203 | D:10     | Bought a potion of invisibility for 104 gold pieces
 10203 | D:10     | Bought 2 potions of heal wounds for 130 gold pieces
 10203 | D:10     | Bought 2 potions of heal wounds for 130 gold pieces
 10203 | D:10     | Bought a potion of curing for 39 gold pieces
 10268 | D:10     | Noticed a two-headed ogre
 10275 | D:10     | Killed a two-headed ogre
 10479 | D:10     | Found an ornate altar of the Wu Jian Council.
 10781 | D:10     | Found a runed translucent door.
 10782 | D:10     | Noticed roomforsquares's ghost (novice FeBe)
 10783 | D:10     | You fall into a shaft and drop 1 floor!
 10862 | D:11     | Noticed a two-headed ogre
 10962 | D:11     | Noticed a two-headed ogre
 10970 | D:11     | Killed a two-headed ogre
 11399 | D:10     | Found a staircase to the Lair.
 11692 | D:11     | Identified the +2 robe "Ilukkul" {Str+2 Int+7 Dex+3}
 11734 | D:11     | Reached skill level 1 in Dodging
 11833 | D:11     | Reached XP level 12. HP: 103/103 MP: 12/12
 11994 | D:11     | Reached skill level 5 in Dodging
 12074 | D:11     | Killed a two-headed ogre
 12566 | D:12     | Noticed a two-headed ogre
 12571 | D:12     | Killed a two-headed ogre
 12619 | D:12     | Found a staircase to the Orcish Mines.
 12624 | D:12     | Found Icoket's Armour Emporium.
 12689 | D:12     | Found Cunn's Jewellery Shoppe.
 12698 | D:12     | Bought an amulet of regeneration for 390 gold pieces
 12894 | D:12     | Reached skill level 10 in Dodging
 13307 | Orc:1    | Entered Level 1 of the Orcish Mines
 13426 | Orc:1    | Noticed an ettin
 13429 | Orc:1    | Noticed an ettin
 13434 | Orc:1    | Killed an ettin
 13435 | Orc:1    | Noticed Maurice
 13438 | Orc:1    | Killed an ettin
 13460 | Orc:1    | Killed Maurice
 13594 | Orc:1    | Found Boruray's Antique Armour Boutique.
 13770 | Orc:2    | Entered Level 2 of the Orcish Mines
 13985 | Orc:2    | Found Mogreax's Magic Scroll Shop.
 13989 | Orc:2    | Found Xorarrizass's Magic Scroll Boutique.
 13990 | Orc:2    | Noticed a sun demon
 14004 | Orc:2    | Reached XP level 13. HP: 109/109 MP: 13/13
 14355 | Orc:2    | Bought a scroll of identify for 28 gold pieces
 14355 | Orc:2    | Bought a scroll of identify for 28 gold pieces
 14355 | Orc:2    | Bought a scroll of poison for 56 gold pieces
 14355 | Orc:2    | Bought a scroll of teleportation for 42 gold pieces
 14355 | Orc:2    | Bought a scroll of revelation for 105 gold pieces
 14361 | Orc:2    | Bought a scroll of immolation for 44 gold pieces
 14361 | Orc:2    | Bought a scroll of revelation for 82 gold pieces
 14361 | Orc:2    | Bought a scroll of blinking for 82 gold pieces
 14361 | Orc:2    | Bought a scroll of revelation for 82 gold pieces
 14361 | Orc:2    | Bought a scroll of teleportation for 33 gold pieces
 14361 | Orc:2    | Bought a scroll of teleportation for 33 gold pieces
 14361 | Orc:2    | Bought 2 scrolls of teleportation for 66 gold pieces
 14361 | Orc:2    | Bought a scroll of identify for 22 gold pieces
 14402 | Orc:2    | Found a staircase to the Elven Halls.
 14408 | Orc:2    | Reached skill level 15 in Dodging
 14899 | Orc:2    | Found Dofytid's Antique Armour Shoppe.
 14899 | Orc:2    | Found Yruo's Book Emporium.
 14904 | Orc:2    | Found a one-way gate leading to the halls of Pandemonium.
 15179 | Lair:1   | Entered Level 1 of the Lair of Beasts
 15197 | Lair:1   | Bought a scroll of summoning for 114 gold pieces
 15197 | Lair:1   | Bought a scroll of fear for 48 gold pieces
 15197 | Lair:1   | Bought a scroll of blinking for 90 gold pieces
 15197 | Lair:1   | Bought a scroll of revelation for 90 gold pieces
 15401 | Lair:1   | Reached XP level 14. HP: 116/116 MP: 14/14
 15855 | Lair:1   | Acquired 533 gold pieces
 15856 | Lair:1   | Acquired 508 gold pieces
 15857 | Lair:1   | Acquired a manual of Dodging
 16207 | Lair:2   | Noticed Sonja
 16254 | Lair:2   | Killed Sonja
 16411 | Lair:2   | Found a hole to the Spider Nest.
 16799 | Lair:2   | Identified the ring "Qushiap" {^Contam rElec Str+4 Dex+6
                  | SInv}
 16801 | Lair:2   | You fall into a shaft and drop 1 floor!
 16828 | Lair:3   | Found a staircase to the Shoals.
 17457 | Lair:3   | Identified the amulet "Dolimag" {Faith Str+2 Int+3 Dex+3}
 17619 | Lair:3   | Bought a scroll of poison for 72 gold pieces
 17619 | Lair:3   | Bought a scroll of poison for 72 gold pieces
 17772 | Lair:3   | Acquired 685 gold pieces
 18370 | Lair:4   | Reached XP level 15. HP: 124/124 MP: 15/15
 18421 | Lair:4   | Found a staircase to the Slime Pits.
 18422 | Lair:4   | Found a viscous altar of Jiyva.
 18875 | Lair:5   | Entered Level 5 of the Lair of Beasts
 19130 | Lair:5   | Bought a scroll of blinking for 105 gold pieces
 19159 | Lair:5   | Paralysed by a hornet for 1 turns
 19550 | Lair:5   | Noticed Josephine
 19575 | Lair:5   | Killed Josephine
 20125 | Lair:5   | Acquired 777 gold pieces
 20138 | Lair:5   | Acquired 963 gold pieces
 20155 | Lair:4   | Bought a scroll of acquirement for 780 gold pieces
 20156 | Lair:4   | Acquired a manual of Fighting
 20759 | D:13     | Reached XP level 16. HP: 133/133 MP: 16/16
 20851 | D:13     | Reached skill level 15 in Unarmed Combat
 21032 | D:13     | Found a gate to the Vaults.
 21440 | D:14     | Identified the +2 robe of the Jumping Gods {rF- Int+6}
 21521 | D:14     | Reached skill level 15 in Fighting
 22285 | D:15     | Entered Level 15 of the Dungeon
 22410 | D:15     | Found Nodghif's Assorted Antiques.
 22504 | D:15     | Bought a scroll of summoning for 256 gold pieces
 22504 | D:15     | Bought a potion of haste for 270 gold pieces
 22504 | D:15     | Bought a potion of invisibility for 216 gold pieces
 22888 | D:15     | Found a sparkling altar of Nemelex Xobeh.
 23013 | D:15     | Found a staircase to the Depths.
 23519 | Spider:1 | Entered Level 1 of the Spider Nest
 23698 | Spider:1 | Paralysed by a hornet for 1 turns
 24263 | Spider:1 | Reached XP level 17. HP: 147/147 MP: 17/17
 25069 | Lair:1   | Bought the ring "Ucajiegh" {*Corrode rPois rC+++ Int-4
                  | Dex+6} for 1090 gold pieces
 25838 | Spider:2 | You fall into a shaft and drop 1 floor!
 26178 | Spider:2 | Identified the staff of Crusades {rF+ MP+9 Fire}
 27243 | Spider:3 | Identified the granite talisman of Okawaru's Inspiration
                  | {rN++ Str+3}
 27243 | Spider:3 | Noticed Roxanne
 27265 | Spider:3 | Killed Roxanne
 27269 | Spider:3 | Reached skill level 15 in Shapeshifting
 27525 | Spider:4 | Entered Level 4 of the Spider Nest
 27790 | Spider:4 | Reached XP level 18. HP: 156/156 MP: 18/18
 28657 | Spider:4 | Got a gossamer rune of Zot
 28867 | Shoals:1 | Entered Level 1 of the Shoals
 29175 | Shoals:1 | Found Deubba's General Store.
 29479 | Shoals:2 | Found Ziubin's Overcharged Wands.
 29552 | Shoals:2 | Found Fouromeg's Distillery.
 29576 | Shoals:2 | Bought a potion of haste for 140 gold pieces
 29576 | Shoals:2 | Bought a potion of heal wounds for 70 gold pieces
 30200 | Shoals:3 | Reached XP level 19. HP: 163/163 MP: 19/19
 30476 | Shoals:3 | Identified the +7 short sword "Hacroex" {flame, Dex+2}
 30727 | Shoals:4 | Entered Level 4 of the Shoals
 30758 | Shoals:4 | Identified the +6 quarterstaff of the Riding Puffin {heavy,
                  | rPois}
 31182 | Shoals:4 | Got the Treatise on the Familiar
 31340 | Shoals:4 | Noticed Ilsuiw
 31371 | Shoals:4 | Killed Ilsuiw
 31531 | Shoals:4 | Got a barnacled rune of Zot
 32126 | Elf:1    | Entered Level 1 of the Elven Halls
 32227 | Elf:1    | Found a flickering gateway to a bazaar.
 32233 | Bazaar   | Entered a bazaar
 32235 | Bazaar   | Found Muph's Jewellery Boutique.
 32235 | Bazaar   | Found Bagubyfa's Book Boutique.
 32261 | Bazaar   | Found Ykiqigoi's Armour Shop.
 32310 | Bazaar   | Found Take's Armour Boutique.
 32838 | Elf:1    | Acquired 729 gold pieces
 32960 | Elf:1    | Reached XP level 20. HP: 170/170 MP: 20/20
 33245 | Elf:2    | Reached XP level 21. HP: 176/176 MP: 21/21
 33310 | Elf:2    | Found a runed translucent door.
 33335 | Elf:2    | Found a runed translucent door.
 33433 | Elf:2    | Found a crumbling gateway.
 33454 | Desolati | Entered the Desolation of Salt
 33542 | Desolati | Got the Tome of Grit and Weather
 33543 | Desolati | Identified the amulet of Zaogupsu {-Tele rF+ Will++ Regen+
                  | Str+3}
 33610 | Desolati | Reached skill level 27 in Dodging
 33758 | Desolati | Identified the +0 robe "Nyukh" {rN+ Archmagi}
 33760 | Desolati | Identified the amulet of Xitougecw {Spirit rN+ Int+8}
 33764 | Desolati | Identified the +8 great mace of the Shouting Jester
                  | {protect, rElec Dex+4}
 33779 | Desolati | Got Syhooxurph's Guide on Percussion and the Entourage
 33791 | Desolati | Identified the +1 long sword of Benevolence {vamp, rElec
                  | Str+7 Dex-4 SInv}
 33791 | Desolati | Identified the ring "Duoqooduomn" {rPois rF+}
 33830 | Desolati | Found the +10 Black Knight's barding {ponderous, rPois rN+}
 33832 | Desolati | Identified the amulet "Qeocacau" {Reflect *Slow rC+ Dex+2
                  | SH+5}
 34314 | Elf:3    | Entered Level 3 of the Elven Halls
 34359 | Elf:3    | Noticed Kave's ghost (adept TrSh)
 34366 | Elf:3    | Found a runed translucent gate.
 34366 | Elf:3    | Found a runed translucent gate.
 34366 | Elf:3    | Found a runed translucent gate.
 34386 | Elf:3    | Killed Kave's ghost
 34541 | Elf:3    | Paralysed by an air elemental for 1 turns
 35046 | Elf:3    | Reached XP level 22. HP: 190/190 MP: 22/22
 35174 | Elf:3    | Got the Essays on the Mob and Conflagration
 35197 | Elf:3    | Identified the ring of Vixtumeo {AC+4 SInv}
 35209 | Elf:3    | Identified the ring of Monk {rC+ MP+9 Int-4 Stlth+}
 35235 | Elf:3    | Acquired the ring of Tender Moments {rC+ Slay+4}
 35282 | Elf:3    | Identified the +0 ring mail of Music {-Cast rN++}
 35300 | Elf:3    | Got the Teachings on Dark Poison
 35315 | Elf:3    | Gained mutation: Your health recovers twice as slowly from
                  | being drained. [mutagenic glow]
 35335 | Elf:3    | Got the Secrets of Gaseous Oromancy
 35406 | Elf:3    | Lost mutation: Your health recovers twice as slowly from
                  | being drained. [potion of mutation]
 35406 | Elf:3    | Gained mutation: You are partially covered in iridescent
                  | scales. (AC +2) [potion of mutation]
 35406 | Elf:3    | Gained mutation: You are frail. (-10% HP) [potion of
                  | mutation]
 35406 | Elf:3    | Gained mutation: Your mind is acute. (Int +4, Str/Dex -1)
                  | [potion of mutation]
 35407 | Elf:3    | Lost mutation: You are partially covered in iridescent
                  | scales. (AC +2) [potion of mutation]
 35407 | Elf:3    | Lost mutation: You are frail. (-10% HP) [potion of
                  | mutation]
 35407 | Elf:3    | Gained mutation: Your health recovers twice as slowly from
                  | being drained. [potion of mutation]
 35407 | Elf:3    | Lost mutation: Your health recovers twice as slowly from
                  | being drained. [potion of mutation]
 35407 | Elf:3    | Gained mutation: Your movements are slightly less
                  | encumbered by armour. (ER -2) [potion of mutation]
 35633 | Vaults:1 | Entered Level 1 of the Vaults
 35949 | Vaults:1 | Found Leofotott's Antique Armour Boutique.
 36049 | Vaults:1 | Found a portal to a secret trove of treasure.
 36128 | Vaults:1 | Bought the ring "Soedd" {Fly rF+ rC+ rN+ Dex-5} for 515
                  | gold pieces
 37723 | Vaults:2 | Identified the +7 chain mail of Xiexivit {rElec rF++}
 38214 | Vaults:3 | Found a staircase to the Crypt.
 39392 | Vaults:4 | Reached XP level 23. HP: 200/200 MP: 23/23
 39437 | Vaults:4 | Found Seusan Ecva's Weapon Shoppe.
 39620 | Vaults:4 | Noticed Mara
 39628 | Vaults:4 | Noticed Kearsarge's illusion
 39628 | Vaults:4 | Killed Mara
 39825 | Vaults:4 | Identified the +0 robe of Hile {^Contam Harm Str+5
                  | Archmagi}
 40082 | Vaults:4 | Identified the +7 short sword of Imyexini {heavy, Will++
                  | Str-3 Dex+3 SInv}
 40208 | Vaults:4 | Noticed Saint Roka
 40218 | Vaults:4 | Killed Saint Roka
 40617 | Vaults:5 | Entered Level 5 of the Vaults
 40649 | Vaults:5 | Identified the +3 broad axe "Xeonompa" {elec, Fly rF- Int+4
                  | SInv}
 40696 | Vaults:5 | Noticed a golden dragon
 40698 | Vaults:5 | Noticed an ancient lich
 40702 | Vaults:5 | Killed a golden dragon
 40719 | Vaults:5 | Killed an ancient lich
 40846 | Vaults:5 | Reached XP level 24. HP: 109/212 MP: 23/23
 40887 | Vaults:5 | Identified the staff of Avoaji {rF+ Dex+2 Fire}
 41062 | Vaults:5 | Noticed an ancient lich
 41070 | Vaults:5 | Killed an ancient lich
 41074 | Vaults:5 | Identified the +4 shortbow of the Haunted God {antimagic,
                  | rF+ Dex+4 SInv Stlth+}
 41131 | Vaults:5 | Identified the +8 whip "Tarph" {heavy, SInv}
 41588 | Vaults:5 | Found the ring of the Tortoise {AC+8}
 41762 | Vaults:5 | Identified the staff of the Hills {^Drain Str+4 Int+3 SInv
                  | Conj}
 41824 | Vaults:5 | Got a silver rune of Zot
 41867 | Vaults:5 | Noticed a dread lich
 41871 | Vaults:5 | Killed a dread lich
 42051 | Vaults:5 | Identified the staff of the Dove {rElec rPois Will+ Air}
 42056 | Vaults:5 | Got the Compilation of Called Translocation
 42186 | Vaults:5 | Noticed an ancient lich
 42194 | Vaults:5 | Killed an ancient lich
 42408 | Vaults:5 | Identified the staff of Witheak {Int+3 Dex+3 Conj Ice}
 42955 | Depths:1 | Entered Level 1 of the Depths
 42984 | Depths:1 | Found Big Baal Hell's Store.
 42998 | Depths:1 | Found a gateway to Hell.
 43192 | Depths:1 | Got the Compendium of the Shift
 43606 | Depths:1 | Noticed Norris
 43616 | Depths:1 | Killed Norris
 43638 | Depths:1 | Reached XP level 25. HP: 222/222 MP: 23/23
 43679 | Depths:1 | Reached skill level 27 in Unarmed Combat
 43869 | Depths:2 | Noticed the Enchantress
 43874 | Depths:2 | Found a magical portal.
 43904 | Depths:2 | Killed the Enchantress
 44693 | Depths:3 | Identified the +2 shortbow "Gaoxuuq" {flame, *Slow Fly
                  | Str+5 SInv}
 44947 | Depths:3 | Noticed Jory
 44953 | Depths:3 | Killed Jory
 44994 | Depths:3 | Found a one-way gate to the infinite horrors of the Abyss.
 45283 | Depths:4 | Entered Level 4 of the Depths
 45406 | Depths:4 | Found Uqekonku's Antique Armour Boutique.
 45411 | Depths:4 | Found Cutalen's Assorted Antiques.
 45415 | Depths:4 | Bought an ichor-stained helmet for 389 gold pieces
 45415 | Depths:4 | Identified the -1 helmet "Zauso" {Harm rCorr Dex-5} (You
                  | bought it in a shop on level 4 of the Depths)
 45508 | Depths:4 | Reached XP level 26. HP: 240/240 MP: 23/23
 45555 | Depths:4 | Noticed Frederick
 45569 | Depths:4 | Reached skill level 27 in Fighting
 45581 | Depths:4 | Killed Frederick
 45648 | Depths:4 | Found a gate to the Realm of Zot.
 45654 | Zot:1    | Entered Level 1 of the Realm of Zot
 45659 | Zot:1    | Acquired the ring of Meiquot {rPois rF+ rN+ SInv}
 45705 | Zot:1    | Reached skill level 5 in Shields
 45987 | Zot:3    | Noticed Grunn
 46062 | Zot:3    | Killed Grunn
 46063 | Zot:3    | Reached skill level 10 in Shields
 46307 | Zot:4    | Noticed an orb of fire
 46308 | Zot:4    | Gained mutation: Your flesh is heat resistant. (rF+) [an
                  | orb of fire]
 46309 | Zot:4    | Gained mutation: You are weak. (Str -2) [an orb of fire]
 46315 | Zot:4    | Killed an orb of fire
 46427 | Zot:5    | Entered Level 5 of the Realm of Zot
 46782 | Zot:5    | Noticed an orb of fire
 46856 | Zot:5    | Noticed a dread lich
 46856 | Zot:5    | Noticed an orb of fire
 46858 | Zot:5    | Noticed a dread lich
 46875 | Zot:5    | Noticed a Killer Klown
 46877 | Zot:5    | Noticed an ancient lich
 46877 | Zot:5    | Noticed a dread lich
 46917 | Zot:5    | Got the Orb of Zot
 46929 | Zot:5    | Reached XP level 27. HP: 249/249 MP: 23/23
 46981 | Zot:5    | Lost mutation: Your flesh is heat resistant. (rF+) [a
                  | neqoxec]
 46986 | Zot:5    | Gained mutation: You are occasionally teleported next to
                  | monsters. [a neqoxec]
 47016 | Zot:5    | Lost mutation: You are occasionally teleported next to
                  | monsters. [potion of mutation]
 47016 | Zot:5    | Lost mutation: Your movements are slightly less encumbered
                  | by armour. (ER -2) [potion of mutation]
 47016 | Zot:5    | Lost mutation: You are weak. (Str -2) [potion of mutation]
 47016 | Zot:5    | Gained mutation: You are agile. (Dex +4, Str/Int -1)
                  | [potion of mutation]
 47016 | Zot:5    | Gained mutation: You are covered in fur. (AC +1) [potion of
                  | mutation]
 47153 | Zot:3    | Reached skill level 15 in Shields
 47778 | D:$      | Escaped with the Orb!

Illustrated notes

Levels and vault maps discovered:
D:1:      dpeg_arrival_central, layout_basic,
          shapermc_ecumenical_altar_mp_vishouse
D:2:      layout_loops_ring
D:3:      layout_loops_cross, nicolae_overflow_crystal_walls,
          gammafunk_temple_overflow_wave
D:4:      layout_basic, slow_altar_1, guppyfry_early_lair_pool, uniq_pikel
D:5:      layout_gridville, kennysheep_pointless_box,
          amcnicky_mini_corridor_feature
D:6:      layout_loops_corners, mainiacjoe_overflow_big_doors,
          mainiacjoe_sewer_entry_somewhere_in_here_2, nicolae_nh_ransacked_shop
D:7:      layout_basic, minmay_temple_entry_antechambers, serial_demonic,
          serial_demonic_c, serial_demonic_b, serial_demonic_g,
          serial_demonic_c, serial_demonic_b, serial_demonic_d,
          serial_demonic_c, serial_demonic_d, kennysheep_cluttered_room,
          nicolae_island_escapes
D:8:      layout_basic, nicolae_tso_swordbearing_angel,
          mainiacjoe_overflow_surrounded_room
D:9:      minmay_inner_zag, layout_cave_pools, kennysheep_ying_yang,
          bloody_makhleb, minmay_fractal_squares_gapless_7
D:10:     layout_loops_cross, nicolae_wu_jian_glorious_leap,
          david_lair_shrubbed, ebering_ghost_reflecting_pool
D:11:     layout_irregular_city, serial_glass, glass_columns_a, glass_columns_a,
          glass_columns_a, glass_columns_b
D:12:     layout_loops_ring, orc_david_3, serial_shops,
          nicolae_shop_tiny_statue_garden, minivault_27
D:13:     minmay_bloctagon, layout_loops_ring, hellmonk_vaults_order_and_chaos
D:14:     layout_layer_cave, serial_park_tiny_2
D:15:     grunt_enter_depths_hoard, layout_basic, serial_shops, shop,
          nemelex_altar_shiori
Temple:   hellmonk_temple_rainy
Lair:1:   layout_roguey, grunt_megastairs_4
Lair:2:   layout_cave_pods, spider_nest_entry_a, cheibrodos_lair_caveside_slide,
          uniq_sonja
Lair:3:   layout_roguey, shoals_dummy_entry
Lair:4:   layout_loops_ring, slime_entry_1, st_stairs_11, roderic_batcave,
          infiniplex_staircase_pool
Lair:5:   wormcave, layout_cave_shapes, hangedman_lair_in_review,
          minmay_lindwurm_lava, uniq_josephine
Shoals:1: layout_shoals, serial_shops, nicolae_shop_window_shopping
Shoals:2: layout_shoals, serial_shops, nicolae_diamond_shop,
          nicolae_shop_overcharged_wands
Shoals:3: layout_shoals, st_sunken_huts
Shoals:4: shoals_end_simple, layout_shoals, shoal_ilsuiw,
          nicolae_shoals_lost_giant_pillars
Spider:1: nicolae_spider_hilbert_zone_1 [nicolae_spider_hilbert_4_sides_1_open,
          nicolae_spider_hilbert_4_sides_1_open,
          nicolae_spider_hilbert_4_sides_1_open,
          nicolae_spider_hilbert_4_sides_1_open,
          nicolae_spider_hilbert_3_sides_1_open,
          nicolae_spider_hilbert_3_sides_1_open,
          nicolae_spider_hilbert_3_sides_1_open,
          nicolae_spider_hilbert_3_sides_1_open,
          nicolae_spider_hilbert_3_sides_1_open,
          nicolae_spider_hilbert_6_sides_1_open,
          nicolae_spider_hilbert_6_sides_1_open,
          nicolae_spider_hilbert_3_sides_1_open,
          nicolae_spider_hilbert_3_sides_1_open,
          nicolae_spider_hilbert_3_sides_1_open,
          nicolae_spider_hilbert_3_sides_1_open,
          nicolae_spider_hilbert_2_sides_1_open], dreamdust_wasp_nest
Spider:2: layout_spider_delve, drop_trap
Spider:3: layout_spider_delve, uniq_roxanne
Spider:4: grunt_spider_rune_circles, uniq_nikola
Orc:1:    layout_caves, serial_shops, shop, mines2_lemuel, uniq_maurice
Orc:2:    pf_orc_diabolical, layout_caves, blackcustard_rock_pile
Elf:1:    layout_loops_corners, serial_shops, bzr_entry_road, minivault_28,
          lemuel_upstairs_altar
Elf:2:    nicolae_elf_blades_splatter_lattice
          [nicolae_blade_entry_splitting_headache], layout_gridlike,
          portal_desolation_entry_ruin, grunt_ministairs_1
Elf:3:    elf_hall, layout_geoelf_grid, gammafunk_ghost_split,
          dreamdust_princess_bridge
Vaults:1: vaults_mumra_minichess_inversion, nicolae_vaults_double_plus_3,
          nicolae_vaults_double_plus_1, nicolae_vaults_little_squares_1,
          nicolae_vaults_twisting_passages, vaults_room_grunt_arrival_ludios,
          vaults_dpeg_emergency_exit, layout_vaults_quadrants, serial_shops,
          nicolae_shop_gibbet_a_chance, nicolae_trove_entry_diagonal
Vaults:2: nicolae_vaults_closet_pinwheel_1, vaults_standard_mumra_x,
          nicolae_vaults_closet_pinwheel_6, nicolae_vaults_sightless_eye,
          hangedman_vaults_stagger, ontoclasm_vaults_shuriken,
          nicolae_vaults_ninety_degrees, nicolae_vaults_security_offices_2,
          nicolae_vaults_diamond_1, vaults_room_ringed_pool,
          ontoclasm_vaults_hangar, layout_vaults_omnicross
Vaults:3: nicolae_vaults_trapezoid_lopsided_4, minmay_crypt_entry_simple_sparse,
          nicolae_vaults_closet_pinwheel_2, nicolae_vaults_double_plus_3,
          v_misc_33, nicolae_vaults_asterisk, hangedman_vaults_unwind,
          grunt_vaults_hallway_long, nicolae_vaults_rhombus_6,
          layout_vaults_chaotic_city
Vaults:4: v_rooms_6, nicolae_vaults_trapezoid_lopsided_4, v_misc_30,
          dpeg_vaults_waves, ontoclasm_vaults_spin,
          nicolae_vaults_taking_the_gang_shopping, vaults_dpeg_hooks,
          nicolae_vaults_layer_cake_slice, vaults_room_grid, v_misc_23,
          v_misc_24, nicolae_vaults_border_crossing,
          nicolae_vaults_storage_closets_2, layout_vaults_omnibox, uniq_mara,
          uniq_saint_roka
Vaults:5: serial_shops
Depths:1: layout_long_grid, nicolae_hell_entry_big_baal_hell,
          hangedman_abyss_or_decor_slice, hangedman_research_metamorphosis,
          grunt_megastairs_2, uniq_norris
Depths:2: nicolae_cairo_tiling, layout_basic, pan_entry, mu_enter_wizlab_4,
          nicolae_gozag_seed_capital, lightli_too_deep,
          lemuel_zombie_altar_kikubaaqudgha, uniq_enchantress
Depths:3: grunt_arcs, layout_basic, abyss_entry, grunt_decor_resistance,
          pf_hell_entry_tar_river, uniq_jory
Depths:4: evilmike_zot_entry_hall, layout_twisted_cross, enter_ziggurat_b,
          hell_entry, nicolae_uskayaw_en_pointe,
          nicolae_hepliaklqana_hippocampus, minmay_shop_star, uniq_frederick
Zot:1:    layout_misc_corridors, st_stairs_3
Zot:2:    layout_basic, grunt_megastairs_1
Zot:3:    layout_concentric_octagons, regret_index_zotdec_magical_s, uniq_grunn
Zot:4:    layout_misc_corridors, bh_zot_ikea_curve, zot_minivault_1
Zot:5:    layout_concentric_octagons

Skill      XL: |  1  2  3  4  5  6  7  8  9 10 11 12 13 14 15 16 17 18 19 20 21 22 23 24 25 26 27 |
---------------+----------------------------------------------------------------------------------+-----
Polearms       | 3 4 5 |  5.1
Fighting       | 4 7 10 12 13 14 17 19 21 22 23 26 27 | 27.0
Shapeshifting  | 2 4 7 9 10 11 16 20 24 25 | 25.0
Unarmed Combat | 6 8 11 13 14 17 18 20 22 24 26 27 | 27.0
Dodging        | 3 13 18 23 26 27 | 27.0
Shields        | 14 16 | 16.1
Armour         | |  2.1

Action                     |  1- 3 |  4- 6 |  7- 9 | 10-12 | 13-15 | 16-18 | 19-21 | 22-24 | 25-27 || total
---------------------------+-------+-------+-------+-------+-------+-------+-------+-------+-------++-------
  Melee: Trident           |    81 |    87 |   165 |       |       |       |       |       |       ||   333
         Unarmed           |       |       |   137 |   374 |   839 |  1109 |   870 |  1239 |   964 ||  5532
         Tailslap          |       |       |     5 |       |       |    19 |    35 |       |     3 ||    62
         Constrict         |       |       |    27 |    75 |   193 |   140 |       |       |       ||   435
         Bite              |       |       |       |       |       |     7 |       |       |       ||     7
         Punch             |       |       |       |       |       |     6 |       |       |       ||     6
  Throw: Dart              |       |       |     1 |       |       |       |       |       |       ||     1
 Invoke: Call Merchant     |       |       |     1 |     1 |     5 |       |       |     2 |       ||     9
         Potion Petition   |       |       |       |       |       |       |       |     4 |     1 ||     5
         Bribe Branch      |       |       |       |       |       |       |       |       |     3 ||     3
Ability: Breathe Fire      |       |       |       |       |       |     2 |       |       |       ||     2
  Evoke: Wand              |       |     2 |     7 |    19 |     3 |     5 |     5 |     2 |    10 ||    53
         Condenser vane    |       |       |       |       |       |     2 |     1 |       |       ||     3
    Use: Scroll            |     4 |     7 |     6 |    11 |    19 |     9 |    11 |     3 |     9 ||    79
         Potion            |       |       |     5 |     6 |     5 |     3 |     5 |     4 |     3 ||    31
   Stab: Distracted        |       |       |       |     3 |     7 |    20 |    17 |    15 |    11 ||    73
         Invisible         |       |       |       |     6 |     4 |       |     3 |     4 |       ||    17
         Fleeing           |       |       |       |     1 |       |       |       |       |       ||     1
         Petrified         |       |       |       |       |     1 |       |       |       |       ||     1
         Sleeping          |       |       |       |       |       |     7 |     2 |       |       ||     9
 Armour: Scale mail        |    42 |    51 |   198 |       |       |       |       |       |       ||   291
         Skin              |       |       |   130 |   251 |   356 |   437 |   359 |   842 |   643 ||  3018
  Dodge: Dodged            |    24 |    36 |   194 |   131 |   729 |  1719 |  1060 |  1123 |   962 ||  5978
  Block: Buckler           |     8 |    20 |    59 |       |       |   246 |   343 |       |       ||   676
         Kite shield       |       |       |       |       |       |       |    97 |   934 |   832 ||  1863
   Form: Serpent           |       |       |     1 |       |       |       |       |       |       ||     1
         Statue            |       |       |       |       |       |     1 |       |     1 |       ||     2
         Dragon            |       |       |       |       |       |     1 |       |       |       ||     1
         Storm             |       |       |       |       |       |       |       |     1 |       ||     1

Table legend: (Time is in decaauts)
 A = Elapsed time spent in this place.
 B = Non-inter-level travel time spent in this place.
 C = Inter-level travel time spent in this place.
 D = Time resting spent in this place.
 E = Time spent auto-exploring this place.
 F = Levels seen in this place.
 G = Mean time per level.
                   A        B        C        D        E       F      G
               +--------+--------+--------+--------+--------+-----+--------+
         Total |  54922 |  48619 |   6303 |   1833 |  34800 |  51 | 1076.9 |
       Dungeon |  16640 |  14889 |   1751 |   1001 |  11528 |  15 | 1109.3 |
        Temple |     16 |      2 |     14 |      0 |      0 |   1 |   16.0 |
          Lair |   5468 |   4880 |    588 |    202 |   3582 |   5 | 1093.6 |
        Shoals |   3560 |   3062 |    498 |      0 |   1877 |   4 |  890.0 |
   Spider Nest |   5522 |   5224 |    298 |     36 |   3932 |   4 | 1380.5 |
  Orcish Mines |   1838 |   1694 |    144 |    177 |   1106 |   2 |  919.0 |
   Elven Halls |   3811 |   3429 |    382 |    101 |   2472 |   3 | 1270.3 |
        Vaults |  10291 |   8698 |   1593 |     78 |   6578 |   5 | 2058.2 |
        Depths |   3896 |   3456 |    440 |     51 |   2214 |   4 |  974.0 |
           Zot |   2167 |   1575 |    592 |     75 |    577 |   5 |  433.4 |
        Bazaar |    172 |    172 |      0 |      0 |    137 |   1 |  172.0 |
         Sewer |    649 |    649 |      0 |    109 |    292 |   1 |  649.0 |
    Desolation |    885 |    885 |      0 |      0 |    499 |   1 |  885.0 |
               +--------+--------+--------+--------+--------+-----+--------+

Top non-repeatable levels by time:
Vaults:5: 2801 daAuts
Vaults:1: 2053 daAuts
Vaults:2: 1862 daAuts
Vaults:4: 1852 daAuts
Spider:4: 1760 daAuts
Spider:1: 1725 daAuts
Vaults:3: 1721 daAuts
     D:9: 1689 daAuts
   Elf:3: 1638 daAuts
  Lair:2: 1519 daAuts
    D:10: 1426 daAuts
Depths:3: 1387 daAuts
   Elf:1: 1364 daAuts
     D:6: 1358 daAuts
Shoals:4: 1349 daAuts
